 Dungeon Crawl Stone Soup version 0.18.1-8-gdd0e5ea (webtiles) character file.

10018 thinkingputty the Covert (level 11, -4/69 HPs)
             Began as a Kobold Assassin on June 2, 2016.
             Was an Elder of Pakellas.
             Slain by an orc warrior
             ... wielding a +0 trident
             ... led by an orc warlord
              (15 damage)
             ... on level 1 of the Orcish Mines on June 3, 2016.
             The game lasted 01:47:59 (19132 turns).

thinkingputty the Covert (Kobold Assassin)         Turns: 19132, Time: 01:47:59

Health: -4/69      AC: 15    Str: 11    XL:     11   Next: 85%
Magic:  7/18       EV: 10    Int:  9    God:    Pakellas [****..]
Gold:   732        SH:  0    Dex: 20    Spells: 0 memorised, 10 levels left

rFire  . . .     SeeInvis +     O - +0 rod of inaccuracy (13/13)
rCold  + . .     Gourm    .     K - +1 chain mail of the Stag {rC+ MR++ SInv}
rNeg   . . .     Faith    .     (shield restricted)
rPois  .         Spirit   .     k - +0 helmet
rElec  .         Dismiss  .     m - +2 cloak
rCorr  .         Reflect  .     h - +0 pair of gloves
SustAt .         Harm     .     t - +0 pair of boots
MR     ++...                    (no amulet)
Stlth  +++.......               (no ring)
                                v - +2 ring of slaying

@: very resistant to hostile enchantments, fairly stealthy
A: carnivore 3
a: Quick Charge, Device Surge, Renounce Religion


You were on level 1 of the Orcish Mines.
You worshipped Pakellas.
Pakellas was greatly pleased with you.
You were very full.

You visited 3 branches of the dungeon, and saw 13 of its levels.

You collected 792 gold pieces.
You spent 60 gold pieces at shops.

Inventory:

Hand Weapons
 a - a +3 dagger
 b - a +0 blowgun
 G - a +1 falchion of protection
 J - a +2 dagger of venom
 P - a +3 dagger
 X - a +2 dagger of speed
Missiles
 e - 11 poisoned needles
 j - 93 bolts
 w - 10 tomahawks (quivered)
Armour
 h - a +0 pair of gloves (worn)
 i - a +0 robe of magic resistance
 k - a +0 helmet (worn)
 m - a +2 cloak (worn)
 t - a +0 pair of boots (worn)
 F - a +2 robe of positive energy
 K - the +1 chain mail of the Stag (worn) {rC+ MR++ SInv}
   (You found it on level 7 of the Dungeon)

   It protects you from cold.
   It affects your resistance to hostile enchantments.
   It lets you see invisible.
 S - a +2 leather armour of fire resistance
 T - a +1 ring mail of fire resistance
Rods
 O - a +0 rod of inaccuracy (13/13) (in hand)
   (You found it on level 8 of the Dungeon)
Jewellery
 v - a +2 ring of slaying (left hand)
Wands
 f - a wand of enslavement (5/24)
 z - a wand of teleportation (2/9)
 D - a wand of flame (0/48)
 H - a wand of iceblast (1/15)
 I - a wand of lightning (0/15)
Scrolls
 p - 7 scrolls of remove curse
 q - a scroll of enchant armour
 B - 2 scrolls of recharging
Potions
 o - a potion of curing
 u - a potion of berserk rage
 E - 2 potions of ambrosia
 N - a potion of magic {unknown}
 Q - a potion of might {unknown}
 R - a potion of cure mutation
 V - a potion of resistance {unknown}
Books
 A - a book of the Tempests

   Spells                             Type                      Level
   a - Static Discharge               Conjuration/Air              3
   b - Lightning Bolt                 Conjuration/Air              5
   c - Fireball                       Conjuration/Fire             5
   d - Tornado                        Air                          9
   e - Shatter                        Earth                        9
 L - an Akashic Record

   Spells                             Type                      Level
   a - Dispersal                      Translocation                6
   b - Malign Gateway                 Summoning/Translocation      7
   c - Disjunction                    Translocation                8
   d - Controlled Blink               Translocation                8
Miscellaneous
 W - a lamp of fire (inert)
Comestibles
 c - 25 royal jellies
 g - 6 meat rations
 r - 3 slices of pizza
 x - 4 beef jerkies


   Skills:
 + Level 8.6 Fighting
 + Level 9.7 Short Blades
 + Level 8.0 Throwing
 + Level 8.3 Dodging
 + Level 11.3 Stealth
 * Level 9.6 Evocations


You had 10 spell levels left.
You didn't know any spells.

Dungeon Overview and Level Annotations

Branches:
Dungeon (10/15)            Temple (1/1) D:4             Orc (2/2) D:10
   Lair: D:8-11         Elf: Orc:2

Altars:
Ashenzari
Cheibriados
Dithmenos
Elyvilon
Fedhas
Gozag
Kikubaaqudgha
Makhleb
Nemelex Xobeh
Okawaru
Pakellas
Qazlal
Ru
Sif Muna
Trog
Vehumet
Xom
Yredelemnul
Zin
The Shining One
Beogh

Shops:
D:2 *   D:5 %   D:9 !   Orc:2 [

Annotations:
D:7 rgaf's ghost, novice MfGl
D:10 Sonja


Innate Abilities, Weirdness & Mutations

You are small and have problems with some larger weapons.
You are carnivorous and can eat meat at any time.


Message History

The orc warrior hits you but does no damage.
The orc warrior hits you but does no damage.
Zapping:
f - a wand of enslavement (7/24)
Press: ? - help, Shift-Dir - straight line, f/p - orc warrior
Aim: an orc warrior, wielding a war axe and wearing a chain mail (chance to defeat MR: 67%)
The orc warrior struggles to resist.
This wand has 6 charges left.
The orc warrior closely misses you.
Zapping:
f - a wand of enslavement (6/24)
Press: ? - help, Shift-Dir - straight line, f - orc, p - orc warrior
Aim: an orc, wielding a whip (chance to defeat MR: 90%)
The orc is charmed.
This wand has 5 charges left.
Your orc misses the orc warrior. The orc hits your orc with a mace.
Your orc barely misses the orc warrior.
The orc warrior hits you but does no damage.
Wield which item (- for none, * to show all)? (? for menu, Esc to quit)
You feel less protected.
O - a +0 rod of inaccuracy (13/13) (in hand)
The orc warrior hits you from afar with a trident!
You die...
Pakellas says: Back to the drawing board!

#.........[..........## ###
##.....[[...........#.#####.##
##...[<>[......[............##
##...#[).....)..............#
##..).....o............##.##
##......#oo.......##.#####
##......##o........###
#........#.o......##
#[..#...###.@.....#
##.###...##......##### ###
##.####.....###.###
#####......##....##
#....#.........#
##.........##.##
###.##.....### #####....#
###.##


You could see 3 orc warriors, an orc and a friendly orc.

Vanquished Creatures
  An orc knight (Orc:2)
  An orc sorcerer (Orc:2)
  3 trolls
  A queen bee (D:9)
  A wyvern (D:8)
  A wraith (D:7)
  7 wargs
  A water moccasin (D:9)
  6 orc warriors
  3 ice beasts
  A sky beast (D:8)
  A black bear (D:6)
  A necrophage (D:5)
  10 ogres
  3 phantoms
  5 centaurs
  5 giant frogs
  A wyvern zombie (D:9)
  An elf skeleton (D:7)
  A troll zombie (D:7)
  3 scorpions
  28 killer bees
  11 wights
  3 howler monkeys
  3 crimson imps
  3 giant frog zombies
  5 hounds
  6 jellies
  2 quasits
  A centaur skeleton (D:6)
  A giant frog skeleton (D:4)
  5 orc priests
  6 human zombies (D:7)
  12 orc wizards
  A human skeleton (D:7)
  5 iguanas
  7 worker ants
  3 hound zombies
  2 mummies (D:7)
  A worker ant zombie (D:6)
  12 adders
  10 gnolls
  4 shadow imps
  5 oozes (D:8)
  An adder skeleton (D:6)
  2 worms (D:2)
  4 dart slugs
  6 giant geckos
  35 orcs
  6 giant cockroaches
  6 goblins
  5 hobgoblins
  2 jackals (D:8)
  5 quokkas
  3 ball pythons
  4 bats
  8 giant newts
  8 kobolds
  A quokka zombie (D:6)
  3 rats
292 creatures vanquished.

Vanquished Creatures (collateral kills)
  An ogre (Orc:2)
  An orc warrior (Orc:2)
  An orc priest (Orc:2)
  2 orcs
5 creatures vanquished.

Vanquished Creatures (others)
  An unseen horror (D:5)
  A warg (Orc:2)
  An ogre (D:9)
  An ooze (D:2)
  A giant gecko (D:5)
  A giant cockroach (D:5)
  A jackal (D:2)
7 creatures vanquished.

Grand Total: 304 creatures vanquished

Notes
Turn   | Place    | Note
--------------------------------------------------------------
     0 | D:1      | thinkingputty the Kobold Assassin began the quest for the Orb.
     0 | D:1      | Reached XP level 1. HP: 12/12 MP: 1/1
   202 | D:1      | Reached XP level 2. HP: 18/18 MP: 2/2
   645 | D:1      | Reached XP level 3. HP: 22/22 MP: 3/3
  1103 | D:2      | Found a radiant altar of Vehumet.
  1144 | D:2      | Found Gozag's Platinum Reserve.
  1204 | D:2      | Reached XP level 4. HP: 27/27 MP: 4/4
  1352 | D:2      | Found an opulent altar of Gozag.
  1569 | D:3      | Reached skill level 6 in Stealth
  1595 | D:3      | Found a sparkling altar of Nemelex Xobeh.
  1614 | D:3      | Found a blossoming altar of Fedhas.
  2074 | D:3      | Reached XP level 5. HP: 28/32 MP: 5/5
  2648 | D:4      | Reached XP level 6. HP: 35/37 MP: 6/6
  2896 | D:4      | Reached skill level 7 in Stealth
  3030 | D:4      | Reached XP level 7. HP: 36/42 MP: 7/7
  3508 | D:4      | Reached skill level 5 in Short Blades
  3511 | D:4      | Found a staircase to the Ecumenical Temple.
  3730 | Temple   | Entered the Ecumenical Temple
  3781 | Temple   | Became a worshipper of Pakellas the Inventive
  3837 | D:5      | Entered Level 5 of the Dungeon
  3855 | D:5      | Found a shimmering altar of Xom.
  4210 | D:5      | Reached XP level 8. HP: 48/48 MP: 8/8
  4228 | D:5      | Found Xystiapu's Food Shop.
  4259 | D:5      | Killed an unseen horror
  4402 | D:5      | Reached skill level 8 in Stealth
  4701 | D:6      | Found a stormy altar of Qazlal.
  4777 | D:6      | Reached * piety under Pakellas
  4777 | D:6      | Received a gift from Pakellas
  4777 | D:6      | Reached skill level 5 in Fighting
  5000 | D:6      | Reached skill level 5 in Throwing
  5226 | D:6      | Reached skill level 1 in Evocations
  5447 | D:6      | Reached skill level 5 in Dodging
  5447 | D:6      | Reached XP level 9. HP: 27/54 MP: 8/10
  5970 | D:6      | Reached skill level 9 in Stealth
  6280 | D:7      | Noticed rgaf's ghost (novice MfGl)
  6713 | D:7      | Found a bloodstained altar of Trog.
  7320 | D:7      | Got an encrusted chain mail
  7331 | D:7      | Identified the cursed +1 chain mail of the Stag {rC+ MR++ SInv} (You found it on level 7 of the Dungeon)
  8291 | D:7      | Found an ancient bone altar of Kikubaaqudgha.
  8593 | D:7      | Reached skill level 5 in Evocations
  8916 | D:7      | Reached XP level 10. HP: 46/61 MP: 8/13
  9218 | D:7      | Reached ** piety under Pakellas
  9218 | D:7      | Received a gift from Pakellas
 10053 | D:8      | Identified a +0 rod of inaccuracy (13/13) (You found it on level 8 of the Dungeon)
 10100 | D:8      | Reached skill level 10 in Stealth
 11595 | D:9      | Reached *** piety under Pakellas
 11595 | D:9      | Received a gift from Pakellas
 12592 | D:9      | Reached XP level 11. HP: 68/68 MP: 16/16
 12719 | D:9      | Found Lopury's Distillery.
 12725 | D:9      | Bought a potion of heal wounds for 60 gold pieces
 13048 | D:9      | Found a shattered altar of Ashenzari.
 13051 | D:9      | Found an iron altar of Okawaru.
 13068 | D:9      | Found a bloodstained altar of Trog.
 13071 | D:9      | Found a blossoming altar of Fedhas.
 13095 | D:9      | Found a burning altar of Makhleb.
 13309 | D:9      | Found a glowing golden altar of the Shining One.
 13310 | D:9      | Found a basalt altar of Yredelemnul.
 13346 | D:9      | Noticed a phantasmal warrior
 13798 | D:10     | Entered Level 10 of the Dungeon
 13798 | D:10     | Found a staircase to the Orcish Mines.
 13802 | D:10     | Noticed Sonja
 13802 | Orc:1    | Entered Level 1 of the Orcish Mines
 14682 | Orc:1    | Reached **** piety under Pakellas
 14682 | Orc:1    | Received a gift from Pakellas
 15567 | Orc:2    | Entered Level 2 of the Orcish Mines
 16083 | Orc:2    | Reached skill level 11 in Stealth
 16366 | Orc:2    | Found a roughly hewn altar of Beogh.
 16489 | Orc:2    | Found a roughly hewn altar of Beogh.
 17018 | Orc:2    | Found a roughly hewn altar of Beogh.
 17816 | Orc:2    | Noticed an orc sorcerer
 17820 | Orc:2    | Noticed an orc knight
 17820 | Orc:2    | Killed an orc sorcerer
 17827 | Orc:2    | Killed an orc knight
 18252 | Orc:2    | Found a roughly hewn altar of Beogh.
 18530 | Orc:2    | Found Aceywker's Antique Armour Shoppe.
 18745 | Orc:2    | Noticed an orc warlord
 19132 | Orc:1    | Slain by an orc warrior

Skill      XL: |  1  2  3  4  5  6  7  8  9 10 11 |
---------------+----------------------------------+-----
Short Blades   | 3 4 5 6 7 8 9 |  9.7
Stealth        | 6 7 8 9 10 11 | 11.3
Fighting       | 3 4 5 6 7 8 |  8.6
Dodging        | 2 3 4 5 6 7 8 |  8.3
Throwing       | 3 4 5 6 7 8 |  8.0
Evocations     | 1 5 7 9 |  9.6

Action                   |  1- 3 |  4- 6 |  7- 9 | 10-12 || total
-------------------------+-------+-------+-------+-------++-------
Melee: Dagger            |    94 |   138 |   456 |   499 ||  1187
       Falchion          |       |       |     6 |    27 ||    33
 Fire: Blowgun           |     9 |       |    17 |    24 ||    50
       Hunting sling     |       |       |     5 |       ||     5
Throw: Stone             |     3 |     7 |    41 |     7 ||    58
       Tomahawk          |       |       |       |    12 ||    12
Invok: Quick Charge      |       |       |     4 |     7 ||    11
Evoke: Wand              |       |       |    51 |    34 ||    85
       Rod               |       |       |       |    90 ||    90
       Lamp of fire      |       |       |       |     1 ||     1
       Phantom mirror    |       |       |       |     1 ||     1
  Use: Scroll            |       |     6 |     5 |     6 ||    17
       Potion            |       |       |     6 |     4 ||    10
 Stab: Sleeping          |     5 |    11 |    12 |     3 ||    31
       Distracted        |       |     1 |     1 |       ||     2
  Eat: Chunk             |     8 |     5 |    14 |    44 ||    71
Armor: Ring mail         |    33 |    31 |    18 |       ||    82
       Plate armour      |       |     2 |       |       ||     2
       Scale mail        |       |       |    42 |       ||    42
       Skin              |       |       |    35 |       ||    35
       Chain mail        |       |       |    76 |   322 ||   398
Dodge: Dodged            |    66 |    55 |   212 |   281 ||   614
